 Dungeon Crawl Stone Soup version 0.20.1-1-g8b1a95d (webtiles) character file.

121 Kingsmith the Skirmisher (level 4, 0/45 HPs)
             Began as a Minotaur Fighter on Dec 6, 2017.
             Slain by AdmiralAndromeda's ghost (4 damage)
             ... on level 3 of the Dungeon.
             The game lasted 00:02:45 (1381 turns).

Kingsmith the Skirmisher (Minotaur Fighter)         Turns: 1381, Time: 00:02:45

Health: 0/45       AC:  6    Str: 22    XL:     4   Next: 77%
Magic:  3/3        EV:  9    Int:  5    God:
Gold:   139        SH:  0    Dex:  9    Spells: 3/3 levels left

rFire    . . .     SeeInvis .   a - +0 trident
rCold    . . .     Gourm    .   (no shield)
rNeg     . . .     Faith    .   b - +0 scale mail
rPois    .         Spirit   .   (helmet restricted)
rElec    .         Reflect  .   (no cloak)
rCorr    .         Harm     .   (no gloves)
MR       .....                  (no boots)
Stlth    ..........             (no amulet)
Regen    0.2/turn               (no ring)
MPRegen  0.1/turn               (no ring)

@: no status effects
A: retaliatory headbutt, horns 2
a: no special abilities


You were on level 3 of the Dungeon.
You were not hungry.

You visited 1 branch of the dungeon, and saw 3 of its levels.

You collected 139 gold pieces.

Inventory:

Hand Weapons
 a - a +0 trident (weapon)
Armour
 b - a +0 scale mail (worn)
 c - a +0 shield
Wands
 m - a wand of scattershot (2/9)
Scrolls
 e - 2 scrolls of identify {unknown}
 h - a scroll of fear {unknown}
 j - 2 scrolls of teleportation {unknown}
 k - 2 scrolls of magic mapping {unknown}
Potions
 d - 2 potions of might
 g - a potion of flight {unknown}
 i - a potion of curing {unknown}
 l - a potion of mutation {unknown}
 o - a potion of degeneration {unknown}
Comestibles
 f - 2 bread rations
 n - a royal jelly


   Skills:
 + Level 6.7 Fighting
 - Level 2.4 Polearms
 - Level 3.6 Armour
 - Level 3.6 Shields


You had 3 spell levels left.
You didn't know any spells.

Dungeon Overview and Level Annotations

Branches:
Dungeon (3/15)

Altars:

Annotations:
D:3 AdmiralAndromeda's ghost, amateur DgTm


Innate Abilities, Weirdness & Mutations

You reflexively headbutt those who attack you in melee.
You have a pair of horns on your head.


Message History

You hit the sky beast but do no damage.
The sky beast is moderately wounded.
AdmiralAndromeda's ghost hits you. AdmiralAndromeda's ghost burns you.
The sky beast hits you. The sky beast shocks you.
* * * LOW HITPOINT WARNING * * *
You hit the sky beast.
The sky beast is heavily wounded.
AdmiralAndromeda's ghost hits you but does no damage.
The sky beast hits you but does no damage.
You barely miss the sky beast.
The sky beast is heavily wounded.
AdmiralAndromeda's ghost completely misses you.
The sky beast flickers out of sight!
Deactivating autopickup; reactivate with Ctrl-A.
Something hits you.
* * * LOW HITPOINT WARNING * * *
Something shocks you.
* * * LOW HITPOINT WARNING * * *
You completely miss something. AdmiralAndromeda's ghost hits you.
You die...

#..... #########
#...
#.......####.####
#.#####.........#
#.
####.##.#.<#....
#. #.......#..# ..
#. #.##.####....
#{##.##..........
#.@W....##########
####.#### ..# ...
.##.# W .# #. .#
.#


You could see AdmiralAndromeda's ghost.

Vanquished Creatures
  6 adders (D:2)
  4 worms (D:2)
  A dart slug (D:1)
  2 leopard geckos
  A ball python (D:2)
  5 bats
  7 goblins
  6 hobgoblins
  6 jackals (D:2)
  5 frilled lizards
  A giant cockroach zombie (D:1)
  4 kobolds
  A quokka zombie (D:1)
  2 rats (D:2)
51 creatures vanquished.

Notes
Turn   | Place    | Note
-------+----------+-------------------------------------------
     0 | D:1      | Kingsmith the Minotaur Fighter began the quest for the Orb.
     0 | D:1      | Reached XP level 1. HP: 19/19 MP: 0/0
    51 | D:1      | Reached skill level 4 in Fighting
    73 | D:1      | Reached XP level 2. HP: 23/27 MP: 1/1
   459 | D:1      | Reached skill level 5 in Fighting
   673 | D:2      | Reached XP level 3. HP: 36/36 MP: 2/2
   766 | D:2      | Reached XP level 4. HP: 38/44 MP: 3/3
   772 | D:2      | Reached skill level 6 in Fighting
  1369 | D:3      | Noticed AdmiralAndromeda's ghost (amateur DgTm)
  1371 | D:3      | Noticed a sky beast
  1381 | D:3      | Slain by AdmiralAndromeda's ghost

Skill      XL: |  1  2  3  4 |
---------------+-------------+-----
Fighting       | 4 5 6 |  6.7
Polearms       | |  2.4
Armour         | |  3.6
Shields        | |  3.6

Action                   |  1- 3 |  4- 6 || total
-------------------------+-------+-------++-------
Melee: Trident           |    66 |    57 ||   123
       Headbutt          |     6 |     7 ||    13
  Eat: Chunk             |       |     2 ||     2
Armor: Scale mail        |    18 |    20 ||    38
Dodge: Dodged            |    27 |    20 ||    47
